 Dungeon Crawl Stone Soup version 0.24.0-123-gd5b16e6ec5 (webtiles) character file.

Game seed: 18182123364998557640, levelgen mode: deterministic

960719 Johnny the Sorcerer (level 27, 0/270 HPs)
             Began as a Demigod Earth Elementalist on Feb 11, 2020.
             Slain by a balrug
             ... wielding a +4 demon whip of flaming
              (7 damage)
             ... in Pandemonium on Feb 13, 2020.
             The game lasted 04:01:39 (87421 turns).

Johnny the Sorcerer (Demigod Earth Elementalist)   Turns: 87421, Time: 04:01:39

Health: 0/270      AC: 19    Str:  4 (5)  XL:     27
Magic:  0/64       EV: 22    Int: 42 (43) God:
Gold:   3363       SH:  7    Dex: 17 (19) Spells: 5/77 levels left

rFire    + . .     SeeInvis +   w - staff of earth
rCold    + + +     Gourm    .   s - +1 buckler {AC+3}
rNeg     + . .     Faith    .   V - +4 moon troll leather armour {Spirit, Regen++ MP+5}
rPois    +         Spirit   +   G - +2 helmet {Int+3}
rElec    +         Reflect  .   N - scarf {rC+ rF+}
rCorr    +         Harm     .   x - +0 pair of gloves of Calculation {*Corrode rElec MR+++ Dex+3}
MR       +++++                  M - +0 pair of boots "Sauthrecs" {SInv}
Stlth    ++++++....             l - amulet of magic regeneration
HPRegen  1.35/turn              Q - ring of Xeogoad {rPois Str-4 Int+7 Stlth-}
MPRegen  0.64/turn              o - ring "Juasex" {rC+ rN+}

@: resistant, fire vulnerable, very slightly contaminated, hasted, very quick
A: icy blue scales 1, thin skeletal structure 1, yellow scales 1, blurry vision
1, clumsy 1, deformed body, deterioration 1, dopey 2, high mp 1, robust 1,
screaming 1, weak 1, MP-powered wands
}: 9/15 runes: decaying, serpentine, slimy, silver, abyssal, demonic, glowing,
magical, dark
a: no special abilities


You were in Pandemonium.
You were very full.

You visited 9 branches of the dungeon, and saw 49 of its levels.
You visited Pandemonium 1 time, and saw 15 of its levels.
You visited the Abyss 2 times.
You visited 1 bazaar.
You also visited: Trove, Sewer, Bailey and Wizlab.

You collected 9760 gold pieces.
You spent 6397 gold pieces at shops.

Inventory:

Hand Weapons
 r - the cursed +1 dagger "Junn" {drain, MR- MP+9 Str+6 Int+3}
   (You found it on level 3 of the Elven Halls)

   A truly terrible weapon, it drains the life of those it strikes.
   It affects your strength (+6).
   It affects your intelligence (+3).
   It affects your resistance to hostile enchantments.
   It affects your magic capacity (+9).
   It has a curse placed upon it.
Missiles
 b - 921 stones (quivered)
Armour
 s - a +1 buckler of protection (worn)
 x - the +0 pair of gloves of Calculation (worn) {*Corrode rElec MR+++ Dex+3}
   (You found it in a wizard's laboratory)

   It affects your dexterity (+3).
   It insulates you from electricity.
   It affects your resistance to hostile enchantments.
   It may corrode you when you take damage.
 G - a +2 helmet of intelligence (worn)
 M - the +0 pair of boots "Sauthrecs" (worn) {SInv}
   (You bought it in a shop on level 1 of the Elven Halls)

   It lets you see invisible.
 N - a scarf of resistance (worn)
 V - the +4 moon troll leather armour (worn) {Spirit, Regen++ MP+5}
   (You took it off a moon troll in a wizard's laboratory)

   It affects your magic capacity (+5).
   It increases your rate of regeneration.
Magical Staves
 w - an uncursed staff of earth (weapon)
 I - an uncursed staff of wizardry
 X - an uncursed staff of energy
Jewellery
 l - an amulet of magic regeneration (around neck)
 o - the ring "Juasex" (right hand) {rC+ rN+}
   (You found it in a wizard's laboratory)

   [ring of positive energy]

   It protects you from cold.
   It protects you from negative energy.
 D - the ring "Yseick" {rPois EV+5 Str+6 SInv Stlth-}
   (You found it on level 5 of the Pits of Slime)

   [ring of evasion]

   It affects your evasion (+5).
   It affects your strength (+6).
   It protects you from poison.
   It lets you see invisible.
   It makes you less stealthy.
 Q - the ring of Xeogoad (left hand) {rPois Str-4 Int+7 Stlth-}
   (You bought it in a shop on level 4 of the Snake Pit)

   [ring of attention]

   It affects your strength (-4).
   It affects your intelligence (+7).
   It protects you from poison.
   It makes you less stealthy.
 T - an uncursed ring of magical power
Wands
 u - a wand of acid (32)
 E - a wand of scattershot (6)
 W - a wand of iceblast (6)
Scrolls
 c - 2 scrolls of holy word
 k - 6 scrolls of blinking
 m - 7 scrolls of fog
 p - 7 scrolls of immolation
 y - 22 scrolls of teleportation
 z - 3 scrolls of fear
 P - 8 scrolls of magic mapping
 R - 15 scrolls of remove curse
 U - 2 scrolls of summoning
 Y - 9 scrolls of enchant armour
Potions
 f - 2 potions of agility
 g - 4 potions of ambrosia
 h - 12 potions of might
 i - 13 potions of brilliance
 j - 18 potions of flight
 q - 4 potions of berserk rage
 t - 5 potions of haste
 v - 10 potions of lignification
 A - 9 potions of mutation
 B - 3 potions of cancellation
 H - 14 potions of heal wounds
 J - a potion of invisibility
 K - 26 potions of curing
 L - 4 potions of resistance
Miscellaneous
 a - a phial of floods
 n - 2 sacks of spiders
 F - a lamp of fire
 O - a lightning rod (4/4)
 S - a phantom mirror
Comestibles
 d - 83 rations


   Skills:
 + Level 20.0 Fighting
 - Level 5.4 Armour
 - Level 15.8 Dodging
 - Level 16.1 Stealth
 - Level 7.3 Shields
 + Level 25.6 Spellcasting
 - Level 11.0 Conjurations
 - Level 7.0 Necromancy
 - Level 18.7 Translocations
 - Level 0.8 Transmutations
 - Level 23.6 Earth Magic


You had 5 spell levels left.
You knew the following spells:

 Your Spells              Type           Power        Failure   Level  Hunger
a - Sandblast             Erth           ######       0%          1    None
b - Stone Arrow           Conj/Erth      ######       0%          3    None
c - Lee's Rapid Deconstr  Erth           #########.   0%          5    None
d - Petrify               Tmut/Erth      ########     1%          4    None
e - Iron Shot             Conj/Erth      ########..   1%          6    None
f - Shatter               Erth           #########.   3%          9    None
g - Passwall              Tmut/Erth      ########     0%          2    None
h - Lehudib's Crystal Sp  Conj/Erth      ########..   2%          8    None
i - Blink                 Tloc           N/A          0%          2    None
j - Leda's Liquefaction   Hex/Erth       ########..   1%          4    None
k - Controlled Blink      Tloc           N/A          1%          8    None
l - Sublimation of Blood  Necr           #######...   1%          2    None
m - Regeneration          Chrm/Necr      ######....   1%          3    None
n - Vampiric Draining     Necr           #######...   1%          3    None
o - Malign Gateway        Summ/Tloc      #######...   10%         7    None
p - Aura of Abjuration    Summ           ######....   14%         5    None

Your spell library contained the following spells:

 Spells                   Type           Power        Failure   Level  Hunger
 Apportation              Tloc           ######       0%          1    None
 Magic Dart               Conj           ####         0%          1    None
 Searing Ray              Conj           ######       0%          2    None
 Shroud of Golubria       Chrm/Tloc      ######       0%          2    None
 Gell's Gravitas          Tloc           ########..   0%          3    None
 Lesser Beckoning         Tloc           ########..   0%          3    None
 Teleport Other           Tloc           ########     0%          3    None
 Force Lance              Conj/Tloc      ########     0%          4    None
 Passage of Golubria      Tloc           N/A          0%          4    None
 Animate Skeleton         Necr           N/A          1%          1    None
 Beastly Appendage        Tmut           ######       1%          1    None
 Confusing Touch          Hex            ######       1%          1    None
 Corona                   Hex            ######.      1%          1    None
 Flame Tongue             Conj/Fire      #####        1%          1    None
 Infusion                 Chrm           ####         1%          1    None
 Pain                     Necr           ####         1%          1    None
 Shock                    Conj/Air       ####         1%          1    None
 Sting                    Conj/Pois      ####         1%          1    None
 Summon Butterflies       Summ           ######..     1%          1    None
 Summon Small Mammal      Summ           ####         1%          1    None
 Call Imp                 Summ           ######..     1%          2    None
 Corpse Rot               Necr           N/A          1%          2    None
 Ensorcelled Hibernation  Hex/Ice        ######       1%          2    None
 Poisonous Vapours        Pois/Air       ######       1%          2    None
 Slow                     Hex            ######..     1%          2    None
 Song of Slaying          Chrm           ######..     1%          2    None
 Sticks to Snakes         Tmut           ######..     1%          2    None
 Swiftness                Chrm/Air       ######..     1%          2    None
 Throw Frost              Conj/Ice       ######       1%          2    None
 Call Canine Familiar     Summ           ######..     1%          3    None
 Confuse                  Hex            ######..     1%          3    None
 Conjure Flame            Conj/Fire      #######.     1%          3    None
 Dazzling Spray           Conj/Hex       ######       1%          3    None
 Ignite Poison            Fire/Tmut/Pois ######..     1%          3    None
 Inner Flame              Hex/Fire       ######..     1%          3    None
 Mephitic Cloud           Conj/Pois/Air  ######..     1%          3    None
 Portal Projectile        Hex/Tloc       ######       1%          3    None
 Recall                   Summ/Tloc      N/A          1%          3    None
 Spectral Weapon          Hex/Chrm       ######..     1%          3    None
 Spider Form              Tmut/Pois      ######....   1%          3    None
 Static Discharge         Conj/Air       #######.     1%          3    None
 Summon Guardian Golem    Hex/Summ       ######..     1%          3    None
 Tukima's Dance           Hex            ######..     1%          3    None
 Animate Dead             Necr           N/A          1%          4    None
 Fulminant Prism          Conj/Hex       #######...   1%          4    None
 Iskenderun's Mystic Bla  Conj           #######.     1%          4    None
 Throw Icicle             Conj/Ice       #######.     1%          4    None
 Agony                    Necr           #######.     1%          5    None
 Bolt of Draining         Conj/Necr      #######...   1%          5    None
 Bolt of Magma            Conj/Fire/Erth ########..   1%          5    None
 Dispel Undead            Necr           #######.     1%          5    None
 Irradiate                Conj/Tmut      #######...   1%          5    None
 Iskenderun's Battlesphe  Conj/Chrm      #######.     1%          5    None
 Lightning Bolt           Conj/Air       #######...   1%          5    None
 Summon Forest            Summ/Tloc      #######...   1%          5    None
 Venom Bolt               Conj/Pois      #######...   1%          5    None
 Excruciating Wounds      Chrm/Necr      ######....   3%          5    None
 Cause Fear               Hex            ######....   5%          4    None
 Summon Ice Beast         Ice/Summ       ######..     5%          4    None
 Summon Lightning Spire   Summ/Air       ######..     5%          4    None
 Yara's Violent Unravell  Hex/Tmut       ######....   12%         5    None
 Metabolic Englaciation   Hex/Ice        ######....   14%         5    None
 Summon Demon             Summ           ######....   14%         5    None
 Summon Mana Viper        Hex/Summ       ######..     14%         5    None
 Dispersal                Tloc           ########..   1%          6    None
 Statue Form              Tmut/Erth      ########.    1%          6    None
 Disjunction              Tloc           ########..   1%          8    None
 Orb of Destruction       Conj           #######...   4%          7    None
 Bolt of Fire             Conj/Fire      #######...   9%          6    None
 Conjure Ball Lightning   Conj/Air       #######...   9%          6    None
 Freezing Cloud           Conj/Ice/Air   ######....   19%         6    None
 Simulacrum               Ice/Necr       ######....   19%         6    None
 Spellforged Servitor     Conj/Summ      #######...   43%         7    None
 Hydra Form               Tmut           ######....   50%         6    None
 Shadow Creatures         Summ           N/A          63%         6    None
 Dragon Form              Tmut           ######....   97%         7    None
 Monstrous Menagerie      Summ           ######....   99%         7    None
 Ring of Flames           Chrm/Fire      ######....   99%         7    None
 Summon Greater Demon     Summ           ######....   99%         7    None
 Summon Hydra             Summ           ######....   99%         7    None
 Ignition                 Fire           ######....   100%        8    None
 Summon Horrible Things   Summ           ######....   100%        8    None
 Dragon's Call            Summ           ######....   100%        9    None
 Tornado                  Air            ######....   100%        9    None


Dungeon Overview and Level Annotations

Branches:
Dungeon (15/15)            Temple (0/1) D:4            Lair (6/6) D:9
  Swamp (4/4) Lair:2        Snake (4/4) Lair:3        Slime (5/5) Lair:6
    Orc (2/2) D:11            Elf (3/3) Orc:2        Vaults (5/5) D:14
  Crypt (0/3) Vaults:3     Depths (5/5) D:15          Sewer (visited)
 Bailey (visited)          WizLab (visited)
    Zot: Depths:5

Shops:
D:8 [   D:14 :   Orc:2 (*[=   Elf:1 [   Snake:1 *   Snake:4 =(:(   Vaults:2 (:

Portals:
Hell: Depths:1 Depths:2 Depths:3 Depths:4 Depths:5
Abyss: Depths:2 Depths:3 Depths:4 Depths:5
Pandemonium: Depths:1 Depths:3 Depths:4
Ziggurat: Depths:5

Annotations:
D:12 1 transporter
Pan Cerebov


Innate Abilities, Weirdness & Mutations

You have an increased reservoir of magic. (+10% MP)
You are partially covered in icy blue scales. (AC +2)
You have a somewhat thin skeletal structure. (Dex +2, Stealth)
You are partially covered in yellow scales. (AC +2)
Scrolls take you a little longer to read.
You are clumsy. (Dex -2)
Armour fits poorly on your strangely shaped body.
Your body sometimes deteriorates upon taking damage.
You are very dopey. (Int -4)
You are robust. (+10% HP)
You occasionally shout uncontrollably at your foes.
You are weak. (Str -2)
You expend magic power (3 MP) to strengthen your wands.


Message History

Unknown command.
Casting: Lehudib's Crystal Spear (slightly dangerous; 2% risk of failure)
Confirm with . or Enter, or press ? or * to list all spells.
You don't have enough magic to cast that spell.
Unknown command.
Okay, then.
Really read with blurry vision while enemies are nearby?
Okay, then.
You feel yourself speed up. The balrug hits you but does no damage.
You block the balrug's attack.
Okay, then.
You feel protected. Cerebov gestures at you. The iron shot hits you!!!
* * * LOW HITPOINT WARNING * * *
The balrug hits you but does no damage.
The balrug hits you with a +4 demon whip of flaming!
* * * LOW HITPOINT WARNING * * *
You are engulfed in flames!
You resist.
You die...

.#####################.'####...#
.##### ### #...##....# .....# ..
###.#.....# .#.#.# ##'#+#
#.##....# .....# ..... #
#.##....# .....# # #...#.#
#.#.....# .....# #.#...#.#
#.##....#
.....####'##....2..##'##.##....#
.....'..#......2@.....##.#.....#
.).#.#..#........&....##.##....#
.)...#..#..........(..##.##....#
...#.#..#....#...#....##.#.....#
.....#..#...##'''##...##.##....#
.#.#.#..#####)....######.##....#
.....#......)........###.#.....#
'#####################...##....#
.#####################.'####...#


You could see Cerebov and 2 balrugs.

Vanquished Creatures
  the Royal Jelly (Slime:5)
  9 pandemonium lords (Pan)
  Gloorx Vloq (Pan)
  Mnoleg (Pan)
  An ancient lich (Vaults:5)
  Mennas (Depths:4)
  Mara (Depths:4)
  2 juggernauts
  Margery (Depths:4)
  A caustic shrike (Depths:2)
  Xtahua (Depths:4)
  Saint Roka (Orc:2)
  5 golden dragons
  Nikola (Snake:4)
  3 bone dragons (Abyss:1)
  4 Tzitzimimeh (Pan)
  6 Brimstone Fiends (Pan)
  Jorgrun (D:15)
  6 tentacled monstrosities
  3 Hell Sentinels
  2 Ice Fiends (Pan)
  A hellephant (Abyss:3)
  Rupert (D:12)
  A moon troll (WizLab)
  10 liches
  4 quicksilver dragons
  7 titans
  2 deep elf master archers (Elf:3)
  5 deep elf blademasters
  32 Executioners
  A kraken (Abyss:3)
  24 acid blobs
  Agnes (Snake:4)
  14 tentacled starspawn
  5 shadow dragons
  8 sphinxes
  4 tengu reavers
  3 thorn hunters
  9 storm dragons
  A daeva (Pan)
  13 azure jellies
  8 nagarajas
  7 fire giants
  10 frost giants
  3 iron dragons
  6 warmongers (Pan)
  11 deep elf sorcerers
  An orc warlord (Orc:1)
  Aizul (Vaults:4)
  19 vault wardens
  6 deep elf elementalists
  Louise (Depths:5)
  2 curse skulls (Pan)
  28 cacodemons
  25 balrugs (Pan)
  7 reapers
  A spriggan defender (Depths:3)
  A draconian annihilator (Pan)
  11 blood saints (Pan)
  8 war gargoyles
  19 ironheart preservers
  3 angels
  45 very ugly things
  3 entropy weavers
  22 starcursed masses
  6 deep elf demonologists
  7 corrupters (Pan)
  An entropy weaver (shapeshifter) (Vaults:5)
  A black draconian (Abyss:4)
  23 lorocyprocas
  4 vampire knights
  33 stone giants
  9 black suns (Pan)
  The ghost of FishyPogo the Slicer, a journeyman GnCK of Xom (Lair:6)
  The ghost of brucemayne the Severer, a journeyman HOMo of Makhleb (Orc:2)
  13 deep elf annihilators
  A dire elephant (Abyss:4)
  2 pale draconians (Depths:5)
  2 white draconians
  6 spark wasps
  A minotaur (shapeshifter) (Depths:4)
  18 blizzard demons
  12 deep elf death magi
  13 ettins
  A quicksilver dragon zombie (Abyss:3)
  3 death oozes (Slime:5)
  A merfolk javelineer (Depths:3)
  12 green deaths (Pan)
  6 deep elf high priests
  2 jiangshi (Abyss:1)
  13 great orbs of eyes
  24 yaktaur captains
  16 ice dragons
  4 fire dragons
  Harold (D:8)
  15 rakshasas
  33 vault guards
  3 quicksilver dragon skeletons (Pan)
  2 hell beasts (Pan)
  A hydra (shapeshifter) (Depths:4)
  5 monstrous demonspawn (Pan)
  19 hydras
  2 ghost crabs
  10 naga warriors
  4 spriggan air magi
  11 centaur warriors
  13 alligators
  An alligator snapping turtle (shapeshifter) (Vaults:5)
  64 two-headed ogres
  2 shambling mangroves
  A death knight (D:15)
  20 ogre magi
  9 anacondas
  2 catoblepae
  26 dancing weapons
  2 satyrs (Abyss:4)
  5 tengu warriors
  13 thrashing horrors
  7 shock serpents
  2 vampire magi
  2 orc high priests (Orc:2)
  A shock serpent (shapeshifter) (Vaults:3)
  7 deep troll shamans
  57 sun demons (Pan)
  5 death yaks
  14 naga sharpshooters
  9 deep troll earth magi
  4 spriggan berserkers
  A titan skeleton (Pan)
  Nergalle (Lair:3)
  An iron troll (shapeshifter) (Depths:5)
  48 soul eaters
  35 deep elf knights
  2 storm dragon zombies
  25 sixfirhies
  19 hell knights
  9 shadow wraiths
  A fire crab (shapeshifter) (Vaults:3)
  An unseen horror (shapeshifter) (Vaults:3)
  8 skeletal warriors
  2 salamander mystics
  2 spatial maelstroms (Abyss:3)
  A golden dragon zombie (Trove)
  13 glowing orange brains
  17 deep trolls
  4 unseen horrors
  An iron troll (Depths:4)
  14 shadow demons
  A storm dragon skeleton (Vaults:2)
  13 wretched stars
  An orange crystal statue (WizLab)
  14 gelid demonspawn
  10 torturous demonspawn
  80 large abominations
  A spriggan druid (Swamp:4)
  4 flayed ghosts
  16 deep elf archers
  15 swamp dragons
  5 wizards
  An anaconda skeleton (Pan)
  9 ironbrand convokers
  18 infernal demonspawn (Pan)
  Pikel (D:7)
  6 phantasmal warriors
  A harpy (shapeshifter) (Depths:1)
  62 deep elf magi
  7 naga ritualists
  3 lindwurms (Swamp:4)
  7 necromancers
  16 orc knights
  3 harpies (Vaults:2)
  49 ugly things
  2 shadow dragon skeletons (Vaults:5)
  An oklob plant (Lair:1)
  A faun (Orc:2)
  6 wolf spiders
  7 orc sorcerers
  12 mana vipers
  11 shining eyes
  9 cyclopes
  A stone giant zombie (Vaults:2)
  9 elephants
  An iron dragon zombie (Vaults:5)
  A frost giant skeleton (Pan)
  A frost giant zombie (Abyss:3)
  A manticore (D:12)
  5 worldbinders
  2 apocalypse crabs
  18 salamanders
  41 black mambas
  A stone giant skeleton (Pan)
  An iron dragon skeleton (Pan)
  20 vault sentinels
  A torpor snail (Lair:6)
  11 eyes of devastation
  4 centaur zombies
  2 guardian serpents
  2 rust devils (Pan)
  25 naga magi
  50 smoke demons
  28 orange demons (Pan)
  10 centaur skeletons
  A dire elephant skeleton (Pan)
  5 gargoyles
  Psyche (D:8)
  21 spiny frogs
  A shock serpent skeleton (Pan)
  A rime drake (Lair:3)
  A spiny frog (shapeshifter) (D:15)
  3 hellions
  38 demonic crawlers
  7 komodo dragons
  A rime drake (shapeshifter) (Abyss:4)
  61 yaktaurs
  10 efreet
  13 freezing wraiths
  A komodo dragon (shapeshifter) (Vaults:2)
  A yaktaur (shapeshifter) (Depths:5)
  An ice devil (Abyss:1)
  8 tormentors (Pan)
  20 hellwings
  6 tengu conjurers
  A yaktaur skeleton (Vaults:5)
  An anaconda simulacrum (Abyss:1)
  A queen bee (Depths:2)
  39 red devils
  A hornet (shapeshifter) (Vaults:5)
  A human skeleton (Vaults:2)
  A queen bee (shapeshifter) (Vaults:4)
  2 trolls
  6 ancient zymes
  15 hornets
  A meliai (shapeshifter) (Depths:2)
  A harpy skeleton (Pan)
  A raiju (shapeshifter) (Abyss:3)
  7 bog bodies
  2 hydra skeletons
  5 hippogriffs
  27 raiju
  93 slime creatures
  6 dream sheep (Lair:6)
  11 blink frogs
  A meliai zombie (D:15)
  6 tyrant leeches
  A redback (shapeshifter) (Vaults:3)
  4 vampires
  A spectral black mamba (Lair:6)
  An ice dragon skeleton (Pan)
  2 human simulacra (Vaults:3)
  6 redbacks
  31 yaks
  2 air elementals
  20 water elementals
  A wyvern (shapeshifter) (Vaults:5)
  4 wraiths
  2 fire dragon skeletons
  A spectral komodo dragon (Lair:6)
  33 ynoxinuls
  4 shadows
  A human (D:14)
  A human (shapeshifter) (D:13)
  6 spriggans
  A tarantella (shapeshifter) (Vaults:1)
  3 tarantellas
  18 golden eyes
  3 hungry ghosts
  A death yak simulacrum (Lair:6)
  2 wyverns
  3 fire elementals
  A black mamba skeleton (Pan)
  2 basilisks
  27 neqoxecs
  4 steam dragons
  A deep troll zombie (Vaults:5)
  17 vampire mosquitoes
  55 chaos spawn
  A catoblepas simulacrum (Lair:6)
  4 spatial vortices (Abyss:3)
  Menkaure (D:7)
  18 insubstantial wisps
  70 nagas
  7 wargs
  Edmund (D:5)
  A spectral spiny frog (Lair:6)
  An acid dragon (Vaults:2)
  13 water moccasins
  3 soldier ants
  13 swamp worms
  Duvessa (D:7)
  3 floating eyes
  4 porcupines
  9 swamp drakes
  A slave (D:7)
  8 ice beasts
  5 phantoms
  2 sky beasts
  A black bear (shapeshifter) (Elf:2)
  2 black bears
  13 boggarts
  An eye of draining (shapeshifter) (Vaults:3)
  3 necrophages
  53 orc warriors
  An ice beast (shapeshifter) (Vaults:3)
  46 ogres
  An ogre (shapeshifter) (Vaults:4)
  7 eyes of draining
  A swamp dragon zombie (Abyss:1)
  25 wolves
  10 centaurs
  6 crocodiles
  2 human zombies
  A big kobold (D:11)
  24 bullfrogs
  A wyvern zombie (D:12)
  5 earth elementals
  19 small abominations
  Dowan (D:7)
  A spiny frog simulacrum (Lair:6)
  2 scorpions
  A wyvern skeleton (D:11)
  25 killer bees
  6 wights (Abyss:4)
  2 electric eels
  3 howler monkeys
  22 crimson imps
  4 bullfrog zombies
  6 hounds
  6 quasits
  5 bullfrog skeletons
  13 jellies
  Crazy Yiuf (D:5)
  22 orc priests
  27 orc wizards
  3 iron imps
  Ijyb (D:5)
  Terence (D:3)
  6 iguanas
  13 worker ants
  4 hell rats (Lair:3)
  A killer bee zombie (D:7)
  A hound skeleton (D:4)
  A howler monkey zombie (D:5)
  A worker ant zombie (D:9)
  13 adders
  6 gnolls
  3 shadow imps
  6 white imps
  6 ufetubi
  10 oozes
  An adder skeleton (D:6)
  3 worms
  3 dart slugs
  21 leopard geckos
  114 orcs
  2 bats (D:2)
  17 giant cockroaches
  11 goblins
  14 hobgoblins
  3 jackals
  23 kobolds
  5 quokkas
  15 ball pythons
  17 frilled lizards
  A leopard gecko zombie (D:5)
  A quokka skeleton (D:6)
  A quokka zombie (D:9)
  9 rats
  2 crawling corpses (Vaults:4)
  A fire vortex (Pan)
  A fungus (Lair:6)
  2 plants (Lair:3)
  15 starspawn tentacles
  3 tentacles (Abyss:3)
3471 creatures vanquished.

Vanquished Creatures (collateral kills)
  Lom Lobon (Pan)
  A pandemonium lord (Pan)
  A blood saint (Pan)
  A sixfirhy (Pan)
  An infernal demonspawn (Pan)
5 creatures vanquished.

Vanquished Creatures (others)
  2 eldritch tentacles (Pan)
  A balrug (Pan)
  A blizzard demon (Pan)
  A naga sharpshooter (Snake:2)
  A wretched star (Abyss:4)
  A phantasmal warrior (Depths:5)
  A raiju (Abyss:3)
  A hornet (Depths:5)
  A floating eye (shapeshifter) (Abyss:4)
  A jelly (D:15)
  A worker ant (D:7)
  4 ball lightnings (Pan)
  An orc (D:7)
  3 jackals (D:7)
  A briar patch (Swamp:4)
  2 demonic plants (WizLab)
  8 fungi
  18 plants
  38 starspawn tentacles
  5 tentacles (Abyss:3)
92 creatures vanquished.

Grand Total: 3568 creatures vanquished

Notes
Turn   | Place    | Note
-------+----------+-------------------------------------------
     0 | D:1      | Johnny the Demigod Earth Elementalist began the quest for
                  | the Orb.
     0 | D:1      | Reached XP level 1. HP: 14/14 MP: 5/5
    85 | D:1      | Reached skill level 2 in Spellcasting
   669 | D:1      | Reached XP level 2. HP: 12/22 MP: 2/7
  1206 | D:2      | Reached skill level 1 in Fighting
  1430 | D:2      | Reached XP level 3. HP: 20/28 MP: 5/9
  2317 | D:3      | Reached XP level 4. HP: 26/36 MP: 10/10
  2503 | D:3      | Noticed Terence
  2516 | D:3      | Killed Terence
  2626 | D:3      | Found a basalt altar of Yredelemnul.
  2660 | D:3      | Found an ornate altar of the Wu Jian Council.
  2912 | D:4      | Reached skill level 1 in Shields
  2915 | D:4      | Reached XP level 5. HP: 41/41 MP: 6/12
  2989 | D:4      | Reached skill level 3 in Spellcasting
  3307 | D:4      | Reached XP level 6. HP: 50/50 MP: 10/13
  3533 | D:4      | Learned a level 3 spell: Stone Arrow
  3580 | D:4      | Reached XP level 7. HP: 57/57 MP: 2/15
  3944 | D:4      | Found a shadowy altar of Dithmenos.
  4068 | D:4      | Found a white marble altar of Elyvilon.
  4068 | D:4      | Found a blossoming altar of Fedhas.
  4071 | D:4      | Found a radiant altar of Vehumet.
  4072 | D:4      | Found a glowing golden altar of the Shining One.
  4328 | D:5      | Entered Level 5 of the Dungeon
  4339 | D:5      | Reached skill level 4 in Spellcasting
  4450 | D:4      | Found a snail-covered altar of Cheibriados.
  4603 | D:4      | Found a staircase to the Ecumenical Temple.
  4691 | D:5      | You fall into a shaft and drop 3 floors!
  4697 | D:8      | Noticed Psyche
  4719 | D:8      | Reached skill level 5 in Earth Magic
  4727 | D:8      | Noticed Harold
  4741 | D:8      | Noticed a wyvern
  4967 | D:7      | Noticed Pikel
  4991 | D:7      | Killed Pikel
  4991 | D:7      | Reached XP level 8. HP: 50/67 MP: 10/18
  5039 | D:7      | Noticed Duvessa
  5052 | D:7      | Killed Duvessa
  5078 | D:7      | Noticed Dowan
  5201 | D:7      | Killed Dowan
  5211 | D:7      | Found a shattered altar of Ashenzari.
  5218 | D:7      | Noticed Menkaure
  5240 | D:7      | Killed Menkaure
  5240 | D:7      | Reached skill level 5 in Fighting
  5240 | D:7      | Reached skill level 5 in Spellcasting
  5532 | D:7      | Learned a level 5 spell: Lee's Rapid Deconstruction
  5537 | D:7      | Learned a level 4 spell: Petrify
  5927 | D:6      | Reached skill level 5 in Shields
  5943 | D:6      | Found a glowing drain.
  5962 | Sewer    | Entered a sewer
  6671 | Sewer    | Reached XP level 9. HP: 64/75 MP: 16/20
  7180 | D:6      | Found a radiant altar of Vehumet.
  7584 | D:5      | Found a runed translucent door.
  7585 | D:5      | Noticed Crazy Yiuf
  7815 | D:5      | Reached skill level 6 in Spellcasting
  7878 | D:5      | Found a sparkling altar of Nemelex Xobeh.
  8031 | D:5      | Noticed Edmund
  8048 | D:5      | Killed Edmund
  8374 | D:5      | Noticed Ijyb
  8383 | D:5      | Killed Ijyb
  8863 | D:5      | Found an opulent altar of Gozag.
  8864 | D:5      | Found a sparkling altar of Nemelex Xobeh.
  8952 | D:5      | Killed Crazy Yiuf
  9208 | D:8      | Found an opulent altar of Gozag.
  9208 | D:8      | Noticed a deep elf mage
  9217 | D:8      | Killed a deep elf mage
  9362 | D:8      | Found Caunuupt's Armour Emporium.
  9412 | D:8      | Bought a +0 helmet of intelligence for 172 gold pieces
  9505 | D:8      | Reached XP level 10. HP: 55/84 MP: 1/23
  9765 | D:8      | Killed Psyche
  9766 | D:8      | Killed Harold
  9766 | D:8      | Reached skill level 7 in Spellcasting
 10334 | D:9      | Found a staircase to the Lair.
 10858 | D:10     | Entered Level 10 of the Dungeon
 10865 | D:10     | Noticed a red ugly thing
 10886 | D:10     | Killed a red ugly thing
 11070 | D:10     | Noticed a four-headed hydra
 11079 | D:10     | Killed a four-headed hydra
 11319 | D:10     | Reached XP level 11. HP: 34/94 MP: 8/26
 11474 | D:10     | Got an ancient mace
 11906 | D:10     | Reached skill level 8 in Spellcasting
 12491 | D:11     | Killed an unseen horror
 12739 | D:11     | Identified the +7 morningstar "Ustrelio" {chaos, rElec
                  | rPois Str+3 Int-3}
 12739 | D:11     | Noticed an ogre mage
 12743 | D:11     | Killed an ogre mage
 12971 | D:11     | Reached skill level 9 in Spellcasting
 12971 | D:11     | Reached skill level 10 in Earth Magic
 13308 | D:11     | Noticed a two-headed ogre
 13312 | D:11     | Killed a two-headed ogre
 13611 | D:11     | Reached skill level 5 in Dodging
 13627 | D:11     | Found a staircase to the Orcish Mines.
 14093 | D:12     | Reached XP level 12. HP: 57/106 MP: 29/29
 14279 | D:12     | Learned a level 6 spell: Iron Shot
 14327 | D:12     | Noticed Rupert
 14401 | D:12     | Killed Rupert
 14596 | D:12     | Noticed a six-headed hydra
 14604 | D:12     | Killed a six-headed hydra
 14604 | D:12     | Reached skill level 10 in Dodging
 14629 | D:12     | Noticed an eight-headed hydra
 14634 | D:12     | Killed an eight-headed hydra
 15718 | D:12     | Found a sparkling altar of Nemelex Xobeh.
 15718 | D:12     | Found a transporter.
 15718 | D:12     | Noticed a fire giant
 15805 | D:13     | Noticed a catoblepas
 15925 | D:13     | Found a flagged portal.
 15934 | Bailey   | Entered a bailey
 15983 | Bailey   | Identified the +5 mace "Hitz" {flame, Int+5} (You found it
                  | on level 10 of the Dungeon)
 17055 | D:14     | Noticed a vault guard
 17109 | D:14     | Noticed a centaur warrior
 17127 | D:14     | Killed a centaur warrior
 17383 | D:14     | Reached XP level 13. HP: 103/112 MP: 1/30
 17499 | D:14     | Found Lizetov's Book Shop.
 17637 | D:14     | Got a smoking falchion
 17949 | D:14     | Found a gate to the Vaults.
 18374 | D:14     | Found a portal to a secret trove of treasure.
 18423 | D:14     | Identified the Volume of Enchanting Moulding
 18515 | D:14     | Identified the +4 falchion of the Ring {freeze, Int+2} (You
                  | found it on level 14 of the Dungeon)
 18618 | D:14     | Reached skill level 15 in Dodging
 19005 | D:8      | Bought the +2 robe of Action {MR+ Int+5} for 507 gold
                  | pieces
 19071 | Lair:1   | Entered Level 1 of the Lair of Beasts
 19077 | Lair:1   | Got a slimy war axe
 19090 | Lair:1   | Got a brightly glowing rapier
 19842 | Lair:2   | Found a staircase to the Swamp.
 19894 | Lair:2   | Identified the +5 war axe of Egaug {vamp, rC+} (You found
                  | it on level 1 of the Lair of Beasts)
 19973 | Lair:2   | Found the +0 pair of fencer's gloves {Riposte Dex+3}
 20532 | Lair:2   | Identified the cursed +0 rapier of Fofolyf {freeze, rF+
                  | Str+2 Int+2} (You found it on level 1 of the Lair of
                  | Beasts)
 20536 | Lair:2   | Got a fine spear
 20537 | Lair:2   | Identified the +9 spear of Luxury {venom, Dex+2} (You found
                  | it on level 2 of the Lair of Beasts)
 20606 | Lair:3   | Noticed Nergalle
 20624 | Lair:3   | Killed Nergalle
 20624 | Lair:3   | Reached skill level 10 in Fighting
 20921 | Lair:3   | Found a staircase to the Snake Pit.
 22256 | Lair:4   | Reached XP level 14. HP: 119/122 MP: 30/32
 22692 | Lair:5   | Reached skill level 10 in Spellcasting
 23191 | Lair:6   | Entered Level 6 of the Lair of Beasts
 23921 | Lair:6   | Found a runed translucent gate.
 23921 | Lair:6   | Found a runed translucent gate.
 23942 | Lair:6   | Found a runed translucent gate.
 23947 | Lair:6   | Noticed FishyPogo's ghost (journeyman GnCK)
 24481 | Lair:6   | Found a viscous altar of Jiyva.
 24481 | Lair:6   | Found a staircase to the Slime Pits.
 24544 | Lair:6   | Killed FishyPogo's ghost
 24853 | Orc:1    | Entered Level 1 of the Orcish Mines
 25541 | Orc:2    | Entered Level 2 of the Orcish Mines
 26012 | Orc:2    | Noticed Saint Roka
 26043 | Orc:2    | Killed Saint Roka
 26043 | Orc:2    | Reached skill level 11 in Spellcasting
 26306 | Orc:2    | Found a roughly hewn altar of Beogh.
 26408 | Orc:2    | Found Xehigyk's Antique Weapon Emporium.
 26552 | Orc:2    | Found a runed translucent door.
 26554 | Orc:2    | Noticed brucemayne's ghost (journeyman HOMo)
 26565 | Orc:2    | Found Xemun's Antique Armour Emporium.
 26713 | Orc:2    | Found a staircase to the Elven Halls.
 26839 | Orc:2    | Found Juacwas's General Store.
 26845 | Orc:2    | Bought a scroll of identify for 30 gold pieces
 26845 | Orc:2    | Bought a potion of invisibility for 120 gold pieces
 26845 | Orc:2    | Bought a scroll of fog for 30 gold pieces
 26845 | Orc:2    | Bought a scroll of identify for 30 gold pieces
 26850 | Orc:2    | Identified a scroll of acquirement
 26868 | Orc:2    | Learned a level 9 spell: Shatter
 26876 | Orc:2    | Found Moneug's Jewellery Emporium.
 27051 | Orc:2    | Killed brucemayne's ghost
 27051 | Orc:2    | Reached XP level 15. HP: 132/132 MP: 15/35
 27108 | Orc:2    | Bought an opalescent robe for 199 gold pieces
 27119 | Orc:2    | Identified the +1 robe of Jageis {Dex+4} (You bought it in
                  | a shop on level 2 of the Orcish Mines)
 27588 | Elf:1    | Entered Level 1 of the Elven Halls
 27620 | Elf:1    | Found Baidue's Armour Shop.
 27628 | Elf:1    | Bought the +0 pair of boots "Sauthrecs" {SInv} for 204 gold
                  | pieces
 27628 | Elf:1    | Bought a +2 cloak of magic resistance for 279 gold pieces
 27670 | Elf:1    | Found a magical portal.
 27702 | WizLab   | Noticed a tentacled starspawn
 27708 | WizLab   | Killed a tentacled starspawn
 27843 | WizLab   | Found a transporter.
 27853 | WizLab   | Noticed a tentacled starspawn
 27860 | WizLab   | Killed a tentacled starspawn
 27865 | WizLab   | Noticed a tentacled starspawn
 27895 | WizLab   | Killed a tentacled starspawn
 27895 | WizLab   | Reached skill level 12 in Spellcasting
 28535 | WizLab   | Gained mutation: You occasionally shout uncontrollably at
                  | your foes. [a cacodemon]
 28862 | WizLab   | Noticed a moon troll
 28986 | WizLab   | Noticed a tentacled starspawn
 28994 | WizLab   | Killed a tentacled starspawn
 29106 | WizLab   | Got a vibrating wooden ring
 29110 | WizLab   | Identified the ring "Juasex" {rC+ rN+} (You found it in a
                  | wizard's laboratory)
 29146 | WizLab   | Reached skill level 13 in Spellcasting
 29205 | WizLab   | Found a transporter.
 29380 | WizLab   | Got a pair of heavily runed gloves
 29392 | WizLab   | Identified the cursed +0 pair of gloves of Calculation
                  | {*Corrode rElec MR+++ Dex+3} (You found it in a wizard's
                  | laboratory)
 29448 | WizLab   | Learned a level 2 spell: Passwall
 29480 | WizLab   | Killed a moon troll
 29480 | WizLab   | Reached XP level 16. HP: 68/139 MP: 9/38
 29730 | WizLab   | Got a glittering glass ring
 29762 | WizLab   | Identified Lehudib's Compendium of the Mountains and Shape
                  | Shifting
 30598 | Elf:1    | Reached skill level 15 in Earth Magic
 31132 | Elf:1    | Identified the ring "Vosaetwo" {Ice *Slow +Blink rPois
                  | Slay+3} (You found it in a wizard's laboratory)
 31296 | Elf:2    | Reached skill level 14 in Spellcasting
 32005 | Elf:2    | Found a huge runed translucent gate.
 32005 | Elf:2    | Found a huge runed translucent gate.
 32005 | Elf:2    | Found a huge runed translucent gate.
 32005 | Elf:2    | Found a huge runed translucent gate.
 32005 | Elf:2    | Found a huge runed translucent gate.
 32625 | Elf:2    | Noticed a deep elf blademaster
 32629 | Elf:2    | Killed a deep elf blademaster
 32944 | Elf:2    | Reached XP level 17. HP: 146/146 MP: 40/41
 33176 | Elf:3    | Entered Level 3 of the Elven Halls
 33336 | Elf:3    | Reached skill level 15 in Spellcasting
 33721 | Elf:3    | Identified the +8 hand axe "Beastslayer" {drain, rC+ rN+
                  | Str-2 Dex+3}
 33815 | Elf:3    | Noticed a deep elf blademaster
 33824 | Elf:3    | Killed a deep elf blademaster
 33907 | Elf:3    | Noticed a deep elf blademaster
 33917 | Elf:3    | Killed a deep elf blademaster
 34350 | Elf:3    | Identified the +1 leather armour "Sykkeawk" {rC++}
 34392 | Elf:3    | Identified the +11 dagger of Vempuo {pierce, *Drain rElec
                  | Str+3 SInv}
 34401 | Elf:3    | Identified the Papyrus of Igneous Arcane Weapons
 34477 | Elf:3    | Identified the Catalogue of Confrontation
 34480 | Elf:3    | Identified Wenia's Tome of Augmentations
 34495 | Elf:3    | Learned a level 8 spell: Lehudib's Crystal Spear
 34501 | Elf:3    | Got a crystal dagger
 35097 | Swamp:1  | Entered Level 1 of the Swamp
 35412 | Swamp:1  | Reached skill level 16 in Spellcasting
 36702 | Swamp:2  | Reached XP level 18. HP: 132/154 MP: 1/44
 37036 | Swamp:2  | Got a twisted broad axe
 37037 | Swamp:2  | Identified the cursed +1 dagger "Junn" {drain, MR- MP+9
                  | Str+6 Int+3} (You found it on level 3 of the Elven Halls)
 37038 | Swamp:2  | Identified the +8 broad axe of Hixt {freeze, Stlth+} (You
                  | found it on level 2 of the Swamp)
 37277 | Swamp:2  | Found a basalt altar of Yredelemnul.
 38312 | Swamp:4  | Entered Level 4 of the Swamp
 39493 | Swamp:4  | Got a decaying rune of Zot
 40211 | Snake:1  | Entered Level 1 of the Snake Pit
 40363 | Snake:1  | Found Lirif's General Store.
 40390 | Snake:1  | Bought a scroll of fog for 32 gold pieces
 40390 | Snake:1  | Bought a wand of digging (2) for 192 gold pieces
 40390 | Snake:1  | Bought a potion of heal wounds for 80 gold pieces
 40390 | Snake:1  | Bought 2 potions of heal wounds for 160 gold pieces
 40390 | Snake:1  | Bought 18 stones for 28 gold pieces
 40464 | Snake:1  | Found a glowing golden altar of the Shining One.
 40721 | Snake:1  | Reached skill level 17 in Spellcasting
 43111 | Snake:2  | Reached XP level 19. HP: 158/160 MP: 45/46
 43346 | Snake:3  | Got a heavily runed helmet
 43348 | Snake:3  | Identified the +0 helmet of Agnosticism {rC+ MR+ SInv} (You
                  | found it on level 3 of the Snake Pit)
 44242 | Snake:4  | Entered Level 4 of the Snake Pit
 44251 | Snake:4  | Found Junusul's Jewellery Boutique.
 44252 | Snake:4  | Found Ecyh's Book Shop.
 44252 | Snake:4  | Found Urpheufirch's Weapon Boutique.
 44262 | Snake:4  | Bought the ring of Xeogoad {rPois Str-4 Int+7 Stlth-} for
                  | 425 gold pieces
 44265 | Snake:4  | Found Odilenku's Antique Weapon Shop.
 44292 | Snake:4  | Bought 15 stones for 15 gold pieces
 44292 | Snake:4  | Bought 18 stones for 18 gold pieces
 44461 | Snake:4  | Noticed Nikola
 44465 | Snake:4  | Killed Nikola
 44491 | Snake:4  | Found a blossoming altar of Fedhas.
 44856 | Snake:4  | Noticed Agnes
 44861 | Snake:4  | Killed Agnes
 45313 | Snake:4  | Reached skill level 18 in Spellcasting
 45938 | Snake:4  | Got a serpentine rune of Zot
 46375 | Vaults:1 | Entered Level 1 of the Vaults
 47576 | Vaults:1 | Reached XP level 20. HP: 168/168 MP: 18/49
 48694 | Vaults:2 | Found Inavaxt's Book Shoppe.
 48701 | Vaults:2 | Bought a book of Spatial Translocations for 910 gold pieces
 48704 | Vaults:2 | Learned a level 2 spell: Blink
 48872 | Vaults:2 | Reached skill level 19 in Spellcasting
 50069 | Vaults:2 | Found Doxusm's Antique Weapon Shop.
 50829 | Vaults:3 | Found a staircase to the Crypt.
 52114 | Vaults:4 | Reached XP level 21. HP: 166/174 MP: 16/51
 52363 | Vaults:4 | Noticed Aizul
 52367 | Vaults:4 | Killed Aizul
 52367 | Vaults:4 | Reached skill level 20 in Spellcasting
 53331 | Vaults:5 | Entered Level 5 of the Vaults
 53668 | Vaults:5 | Noticed a golden dragon
 53668 | Vaults:5 | Noticed an ancient lich
 53670 | Vaults:5 | Reached skill level 21 in Spellcasting
 53670 | Vaults:5 | Killed an ancient lich
 53670 | Vaults:5 | Reached XP level 22. HP: 159/181 MP: 32/53
 53790 | Vaults:5 | Identified the Volume of Earthen Snow
 55133 | Vaults:5 | Got a silver rune of Zot
 55450 | Vaults:5 | Identified the Tome of the Escort
 55456 | Vaults:5 | Reached XP level 23. HP: 188/188 MP: 55/55
 55712 | Vaults:5 | Got a shadowed robe
 55713 | Vaults:5 | Identified the +4 robe of Okawaru's Delight {rC+ Dex+3}
                  | (You found it on level 5 of the Vaults)
 55738 | Vaults:5 | Got a warped morningstar
 55739 | Vaults:5 | Identified the +6 morningstar of Arbitration {vamp, Int+3
                  | Dex+7} (You took it off a necromancer on level 5 of the
                  | Vaults)
 55954 | D:15     | Entered Level 15 of the Dungeon
 56155 | D:15     | Noticed Jorgrun
 56160 | D:15     | Killed Jorgrun
 56227 | D:15     | Found a flickering gateway to a bazaar.
 56237 | Bazaar   | Entered a bazaar
 56316 | Bazaar   | Found Okalihu's Book Shoppe.
 56325 | Bazaar   | Found Hupief's Magic Scroll Shop.
 56339 | Bazaar   | Found Pawkips's Weapon Emporium.
 56354 | Bazaar   | Found Xuiter's Armour Shop.
 56374 | Bazaar   | Found Cooqail's Food Emporium.
 56483 | Bazaar   | Bought a manual of Stealth for 1214 gold pieces
 56496 | Bazaar   | Bought a scroll of identify for 30 gold pieces
 56496 | Bazaar   | Bought a scroll of fear for 52 gold pieces
 56496 | Bazaar   | Bought a scroll of identify for 30 gold pieces
 56496 | Bazaar   | Bought a scroll of identify for 30 gold pieces
 56496 | Bazaar   | Bought a scroll of teleportation for 45 gold pieces
 56496 | Bazaar   | Bought a scroll of teleportation for 45 gold pieces
 56540 | Bazaar   | Bought a ration for 45 gold pieces
 56540 | Bazaar   | Bought a ration for 45 gold pieces
 56540 | Bazaar   | Bought a ration for 45 gold pieces
 56540 | Bazaar   | Bought a ration for 45 gold pieces
 56540 | Bazaar   | Bought a ration for 45 gold pieces
 56540 | Bazaar   | Bought a ration for 45 gold pieces
 56540 | Bazaar   | Bought a ration for 45 gold pieces
 56540 | Bazaar   | Bought a ration for 45 gold pieces
 56540 | Bazaar   | Bought a ration for 45 gold pieces
 56540 | Bazaar   | Bought a ration for 45 gold pieces
 56540 | Bazaar   | Bought a ration for 45 gold pieces
 56540 | Bazaar   | Bought a ration for 45 gold pieces
 56754 | D:15     | Found a staircase to the Depths.
 57205 | Depths:1 | Entered Level 1 of the Depths
 57212 | Depths:1 | Reached skill level 5 in Stealth
 57212 | Depths:1 | Found a gateway to Hell.
 57651 | Depths:1 | Found a one-way gate leading to the halls of Pandemonium.
 58038 | Depths:1 | Got a smoking mace
 58039 | Depths:1 | Identified the +5 mace "Widowermaker" {pain, Str+6 Int+3
                  | Dex-5 Stlth-} (You found it on level 1 of the Depths)
 58331 | Depths:2 | Reached skill level 10 in Stealth
 58744 | Depths:2 | Found a runed translucent door.
 58770 | Depths:2 | Reached XP level 24. HP: 195/195 MP: 51/55
 58772 | Depths:2 | Noticed a juggernaut
 58784 | Depths:2 | Killed a juggernaut
 59031 | Depths:2 | Learned a level 4 spell: Leda's Liquefaction
 59040 | Depths:2 | Learned a level 8 spell: Controlled Blink
 59186 | Depths:2 | Reached skill level 1 in Translocations
 59363 | Depths:2 | Found a one-way gate to the infinite horrors of the Abyss.
 59422 | Depths:2 | Identified the +9 halberd of Fotaf {freeze, rC+}
 59422 | Depths:2 | Identified the +1 robe of Noenloho {rC+ MR+ Dex+5}
 59638 | Depths:2 | Reached skill level 5 in Translocations
 60022 | Depths:2 | Identified the Tome of Execration
 60150 | Depths:2 | Got a pair of ichor-stained boots
 60151 | Depths:2 | Identified the cursed +0 pair of boots "Dyptucaty" {rElec}
                  | (You found it on level 2 of the Depths)
 60392 | Depths:3 | Noticed a juggernaut
 60398 | Depths:3 | Killed a juggernaut
 61581 | Depths:4 | Reached skill level 10 in Translocations
 61705 | Depths:4 | Noticed Xtahua
 61718 | Depths:4 | Killed Xtahua
 61837 | Depths:4 | Noticed Mara
 61872 | Depths:4 | Noticed Johnny's illusion
 61873 | Depths:4 | Killed Mara
 61953 | Depths:4 | Noticed Margery
 61974 | Depths:4 | Killed Margery
 62023 | Depths:4 | Reached XP level 25. HP: 180/202 MP: 1/55
 62557 | Depths:4 | Noticed Mennas
 62564 | Depths:4 | Killed Mennas
 62609 | Depths:4 | Found a corrupted altar of Lugonu.
 63430 | Depths:5 | Entered Level 5 of the Depths
 63693 | Depths:5 | Found a gateway to a ziggurat.
 64065 | Depths:5 | Reached skill level 15 in Translocations
 64397 | Depths:5 | Noticed Louise
 64403 | Depths:5 | Killed Louise
 64516 | Depths:5 | Voluntarily entered the Abyss.
 64654 | Abyss:3  | Found a corrupted altar of Lugonu.
 64654 | Abyss:3  | Found a corrupted altar of Lugonu.
 65000 | Abyss:3  | Gained mutation: You tend to lose your temper in combat. [a
                  | cacodemon]
 65019 | Depths:5 | Escaped the Abyss
 65554 | Vaults:2 | Bought a book of Death for 980 gold pieces
 65557 | Vaults:2 | Learned a level 2 spell: Sublimation of Blood
 65918 | Slime:1  | Entered Level 1 of the Pits of Slime
 68042 | Slime:4  | Gained mutation: You are frail. (-10% HP) [a shining eye]
 68050 | Slime:4  | Gained mutation: You are weak. (Str -2) [a shining eye]
 68052 | Slime:4  | Lost mutation: You are frail. (-10% HP) [potion of
                  | mutation]
 68052 | Slime:4  | Lost mutation: You tend to lose your temper in combat.
                  | [potion of mutation]
 68052 | Slime:4  | Gained mutation: You are robust. (+10% HP) [potion of
                  | mutation]
 68052 | Slime:4  | Gained mutation: You are agile. (Dex +2) [potion of
                  | mutation]
 68355 | Slime:5  | Entered Level 5 of the Pits of Slime
 68357 | Slime:5  | Gained mutation: Armour fits poorly on your strangely
                  | shaped body. [a shining eye]
 68567 | Slime:5  | Reached skill level 22 in Spellcasting
 68576 | Slime:5  | Reached XP level 26. HP: 167/231 MP: 14/55
 68672 | Slime:5  | Reached skill level 1 in Armour
 68950 | Slime:5  | Noticed the Royal Jelly
 68957 | Slime:5  | Killed the Royal Jelly
 69085 | Slime:5  | Got a slimy rune of Zot
 69092 | Slime:5  | Paralysed by a floating eye for 4 turns
 69159 | Slime:5  | Got a jacinth-encrusted plate armour
 69160 | Slime:5  | Identified the +4 plate armour of Uhez {*Drain Int+4
                  | Slay+4} (You found it on level 5 of the Pits of Slime)
 69213 | Slime:5  | Got a crude scale mail
 69216 | Slime:5  | Identified the +4 scale mail "Trusted Companion" {Int+5}
                  | (You found it on level 5 of the Pits of Slime)
 69231 | Slime:5  | Got a flickering brass ring
 69246 | Slime:5  | Identified the ring "Yseick" {rPois EV+5 Str+6 SInv Stlth-}
                  | (You found it on level 5 of the Pits of Slime)
 69957 | Depths:2 | Voluntarily entered the Abyss.
 70263 | Abyss:1  | Reached skill level 1 in Conjurations
 70268 | Abyss:1  | Reached skill level 1 in Necromancy
 71329 | Abyss:4  | Found a corrupted altar of Lugonu.
 71438 | Abyss:4  | Reached skill level 5 in Armour
 71462 | Abyss:4  | Got a bronze scale mail
 71661 | Abyss:4  | Learned a level 3 spell: Regeneration
 71665 | Abyss:4  | Learned a level 3 spell: Vampiric Draining
 72007 | Abyss:4  | Reached skill level 5 in Conjurations
 72007 | Abyss:4  | Reached skill level 5 in Necromancy
 72008 | Abyss:4  | Found a corrupted altar of Lugonu.
 72154 | Abyss:4  | Got an abyssal rune of Zot
 72168 | Abyss:4  | Found a corrupted altar of Lugonu.
 72253 | Depths:2 | Escaped the Abyss
 72465 | D:14     | Identified the +0 scale mail "Qoos Fivar" {Dex+4 Stlth+}
                  | (You found it on level 4 of the Abyss)
 72477 | D:14     | You showed the abyssal rune of Zot to enter a treasure
                  | trove
 72478 | Trove    | Entered a treasure trove
 72485 | Trove    | Got a translucent ring mail
 72494 | Trove    | Got translucent ice dragon scales
 72498 | Trove    | Got a crude longbow
 72505 | Trove    | Got a crystal longbow
 72507 | Trove    | Identified the +4 longbow "Jecoycit" {venom, rElec rC+
                  | Dex+4 SInv} (You found it in a treasure trove)
 72508 | Trove    | Identified the +8 longbow of the Gnat {flame, rF+} (You
                  | found it in a treasure trove)
 72509 | Trove    | Identified the cursed +0 ring mail of Whack-A-Mole {rC+
                  | rN++ Int+4} (You found it in a treasure trove)
 72510 | Trove    | Identified the +5 ice dragon scales of Durphioru {rElec
                  | rPois rF- rC++ Int+4 Dex+4} (You found it in a treasure
                  | trove)
 72710 | Pan      | Entered Pandemonium
 72926 | Pan      | Noticed Piyts the pandemonium lord
 72940 | Pan      | Killed Piyts the pandemonium lord
 73021 | Pan      | Reached XP level 27. HP: 170/245 MP: 40/56
 73641 | Pan      | Got a transparent buckler
 73643 | Pan      | Identified the +2 buckler of Seshru {+Blink Dex-4 Slay+3}
                  | (You acquired it in Pandemonium)
 74134 | Pan      | Noticed Wearayhi the pandemonium lord
 74737 | Pan      | Killed Wearayhi the pandemonium lord
 75451 | Pan      | Reached skill level 23 in Spellcasting
 75641 | Pan      | Noticed Caokhu the pandemonium lord
 75650 | Pan      | Killed Caokhu the pandemonium lord
 75848 | Pan      | Reached skill level 15 in Fighting
 76002 | Pan      | Noticed Gataetz the pandemonium lord
 76022 | Pan      | Killed Gataetz the pandemonium lord
 76022 | Pan      | Reached skill level 10 in Conjurations
 76403 | Pan      | Entered the realm of Gloorx Vloq.
 76534 | Pan      | Got an ominously black robe
 76536 | Pan      | Identified the +2 robe of the Original Sin {Dex+7} (You
                  | found it in Pandemonium)
 77390 | Pan      | Gained mutation: Scrolls take you a little longer to read.
                  | [mutagenic glow]
 77576 | Pan      | Noticed Gloorx Vloq
 78143 | Pan      | Lost mutation: Armour fits poorly on your strangely shaped
                  | body. [potion of mutation]
 78143 | Pan      | Lost mutation: You are agile. (Dex +2) [potion of mutation]
 78143 | Pan      | Gained mutation: You are very robust. (+20% HP) [potion of
                  | mutation]
 78143 | Pan      | Lost mutation: You are very robust. (+20% HP) [potion of
                  | mutation]
 78143 | Pan      | Gained mutation: You are partially covered in icy blue
                  | scales. (AC +2) [potion of mutation]
 78144 | Pan      | Lost mutation: Scrolls take you a little longer to read.
                  | [potion of mutation]
 78144 | Pan      | Lost mutation: You are weak. (Str -2) [potion of mutation]
 78144 | Pan      | Gained mutation: You expend magic power (3 MP) to
                  | strengthen your wands. [potion of mutation]
 78144 | Pan      | Gained mutation: You are partially covered in yellow
                  | scales. (AC +2) [potion of mutation]
 78144 | Pan      | Gained mutation: You possess an exceptional clarity of
                  | mind. [potion of mutation]
 78393 | Pan      | Killed Gloorx Vloq
 78396 | Pan      | Got a dark rune of Zot
 78956 | Pan      | Noticed Atroon the pandemonium lord
 78973 | Pan      | Killed Atroon the pandemonium lord
 79144 | Pan      | Found an exit through the horrors of the Abyss.
 79344 | Pan      | Identified the Reference Book on Feathery Clay
 79366 | Pan      | Gained mutation: You are dopey. (Int -2) [a cacodemon]
 79367 | Pan      | Gained mutation: Armour fits poorly on your strangely
                  | shaped body. [a cacodemon]
 79658 | Pan      | Noticed Uphag the pandemonium lord
 79666 | Pan      | Killed Uphag the pandemonium lord
 80092 | Pan      | Found an exit through the horrors of the Abyss.
 80177 | Pan      | Noticed Cenydghed the pandemonium lord
 80185 | Pan      | Killed Cenydghed the pandemonium lord
 80185 | Pan      | Reached skill level 24 in Spellcasting
 80341 | Pan      | Noticed Karirit the pandemonium lord
 80349 | Pan      | Killed Karirit the pandemonium lord
 80373 | Pan      | Reached skill level 15 in Stealth
 81458 | Pan      | Noticed Guijiatz the pandemonium lord
 81740 | Pan      | Killed Guijiatz the pandemonium lord
 82110 | Pan      | Found an exit through the horrors of the Abyss.
 82457 | Pan      | Entered the realm of Mnoleg.
 82479 | Pan      | Noticed Mnoleg
 82482 | Pan      | Gained mutation: You are very dopey. (Int -4) [a neqoxec]
 82487 | Pan      | Gained mutation: Your body sometimes deteriorates upon
                  | taking damage. [a neqoxec]
 82489 | Pan      | Killed Mnoleg
 82491 | Pan      | Gained mutation: You are weak. (Str -2) [a neqoxec]
 82566 | Pan      | Lost mutation: You possess an exceptional clarity of mind.
                  | [a neqoxec]
 82584 | Pan      | Got a glowing rune of Zot
 82893 | Pan      | Gained mutation: You have a somewhat thin skeletal
                  | structure. (Dex +2, Stealth) [a neqoxec]
 82935 | Pan      | Gained mutation: You are clumsy. (Dex -2) [a cacodemon]
 83126 | Pan      | Gained mutation: Scrolls take you a little longer to read.
                  | [a neqoxec]
 83316 | Pan      | Entered the realm of Lom Lobon.
 83324 | Pan      | Found an exit through the horrors of the Abyss.
 83356 | Pan      | Learned a level 7 spell: Malign Gateway
 83362 | Pan      | Learned a level 5 spell: Aura of Abjuration
 83767 | Pan      | Reached skill level 25 in Spellcasting
 84077 | Pan      | Noticed Lom Lobon
 84148 | Pan      | Killed Lom Lobon
 84285 | Pan      | Got a magical rune of Zot
 84952 | Pan      | Noticed Hiptefod the pandemonium lord
 85222 | Pan      | Got a demonic rune of Zot
 85670 | Pan      | Killed Hiptefod the pandemonium lord
 85728 | Pan      | Entered the realm of Cerebov.
 86552 | Pan      | Got a jewelled shortbow
 86556 | Pan      | Identified the +6 shortbow of Beogh's Regard {speed, Int+3}
                  | (You found it in Pandemonium)
 86841 | Pan      | Identified the +1 chain mail of Insecurity {+Fly rC+ MP-9}
 86949 | Pan      | Got a brightly glowing hand axe
 86954 | Pan      | Identified the +2 hand axe of Uladum {chop, rC+ SInv} (You
                  | found it in Pandemonium)
 87070 | Pan      | Identified the +6 sword of Cerebov {flame}
 87070 | Pan      | Noticed Cerebov
 87387 | Pan      | Identified the ring "Comuylim" {rPois rC+ Stlth+}
 87421 | Pan      | HP: 7/270 [balrug/+4 demon whip of flaming (14)]
 87421 | Pan      | Slain by a balrug

Levels and vault maps discovered:
D:1:      psy_arrival_radial02, layout_loops_ring
D:2:      layout_basic, minmay_tripent
D:3:      layout_basic, old_standard_altar, roderic_roman_lattice,
          yredelemnul_altar_generic, uniq_terence
D:4:      minmay_skewed_foursquare, layout_rooms, kennysheep_slug_shrine,
          minitemple, minmay_temple_entry_poolview, first_ration,
          minmay_fire_ice_demons
D:5:      layout_loops_corners, grunt_temple_overflow_opulence,
          nemelex_lonely_heart_becter, uniq_edmund, uniq_crazy_yiuf_cottage,
          uniq_ijyb
D:6:      layout_loops_ring, cheibrodos_sewer_entry_drain, basic_altar
D:7:      layout_basic, evilmike_ruin_ashenzari, serial_curves, eino_curves_01,
          eino_curves_01, eino_curves_04, uniq_pikel, uniq_duvessa,
          uniq_menkaure
D:8:      layout_basic, serial_shops, kennysheep_mini_moat,
          hangedman_pestilent_swarm, david_defended_altar_elf, uniq_psyche,
          uniq_harold
D:9:      layout_big_octagon, david_lair_shrubbed
D:10:     layout_roguey
D:11:     layout_irregular_city, david_orc_4,
          minmay_the_grid_square_5x5_3x3_mashed
          [minmay_the_grid_square_5x5_forky, minmay_the_grid_square_5x5_eight,
          minmay_the_grid_square_5x5_tie,
          minmay_the_grid_square_5x5_almost_minimal,
          minmay_the_grid_square_5x5_megaprize_diamond,
          minmay_the_grid_square_5x5_detours,
          minmay_the_grid_square_5x5_shuriken,
          minmay_the_grid_square_5x5_hollow_slash, minmay_the_grid_square_5x5_z]
D:12:     layout_basic, grunt_nemelex_the_gamble, uniq_rupert
D:13:     layout_long_grid, enter_bailey_1
D:14:     dragon1_lemuel, layout_small_grid, grunt_vaults_entry_fortified,
          hangedman_decor_opposing, serial_shops, nicolae_shop_waterfront,
          enter_trove_6
D:15:     grunt_enter_depths_snipers, layout_loops_cross, serial_shops,
          bzr_entry_islet, serial_bayou_ford_a, uniq_jorgrun
Lair:1:   layout_gridlike, serial_bayou_shore_a, minmay_lair_oklob_chamber
Lair:2:   layout_chaotic_city, swamp_mist_pool, grunt_megastairs_2
Lair:3:   layout_loops_ring, guppyfry_snake_entry_island, uniq_nergalle
Lair:4:   layout_roguey, wad_woods_02
Lair:5:   layout_regular_city
Lair:6:   grunt_lair_end_beastmaster, layout_loops_ring,
          dpeg_slime_entry_enclosed_altar, gammafunk_ghost_necromancy
Swamp:1:  layout_falls_marsh, infiniplex_staircase_pool
Swamp:2:  layout_basic_swamp, nicolae_swamp_godswood
Swamp:3:  layout_basic_swamp, nicolae_swamp_fairy_circle
Swamp:4:  swamp_alternative, layout_basic_swamp
Snake:1:  layout_misc_corridors, serial_shops, shop, basic_altar
Snake:2:  kennysheep_snake, layout_rooms, serial_bayou_pond_e,
          nicolae_snake_squiggles, statue_in_the_mist_lemuel
Snake:3:  layout_layer_cave
Snake:4:  minmay_snake_end_coiled, layout_basic, basic_altar, st_stairs_1,
          serial_bayou_shore_b, minmay_shoptagon, uniq_agnes, uniq_nikola
Slime:1:  nicolae_slime_jelly_donut, layout_caves
Slime:2:  layout_caves
Slime:3:  layout_caves, nicolae_slime_phagocytosis
Slime:4:  layout_caves
Slime:5
Orc:1:    cheibrodos_orc_bank, layout_diamond_mine, nicolae_orc_pool_cavern
Orc:2:    grunt_orc_cross, layout_diamond_mine, gammafunk_ghost_grave
Elf:1:    eino_elf_arrival_shootout, layout_gridlike, serial_shops, shop,
          serial_sigils, serial_sigils_hangedman_confine,
          serial_sigils_hangedman_writhe, serial_sigils_hangedman_carve,
          serial_sigils_hangedman_gnaw, lightli_enter_wizlab_magi_temple,
          portal_ice_cave_entry_horrid_things, st_stairs_1
Elf:2:    layout_geoelf_octagon, drop_trap
Elf:3:    minmay_elf_hall_spiked, layout_rooms
Vaults:1: grunt_vaults_diagonal, vaults_room_ringed_pool,
          nicolae_vaults_border_crossing, layout_vaults_omnigrid
Vaults:2: dpeg_vaults_monster_box, nicolae_vaults_octagons,
          nicolae_vaults_little_squares_1,
          vaults_standard_mumra_enter_the_diamond, v_misc_28,
          nicolae_vaults_twisting_passages, v_misc_16, hangedman_vaults_maws,
          vaults_room_fours, ontoclasm_vaults_shuriken,
          ontoclasm_vaults_gateway, layout_vaults_maze_bifur, serial_shops,
          shop, shop
Vaults:3: nicolae_vaults_ninety_degrees, nicolae_vaults_gold_heap, v_misc_4,
          minmay_crypt_entry_vampire_xt, v_misc_19, nicolae_vaults_what_the_h,
          nicolae_vaults_rhombus_7, nicolae_vaults_little_ls,
          hangedman_vaults_slice, ontoclasm_vaults_hangar, ontoclasm_vaults_eye,
          vaults_mumra_hex, layout_vaults_ring
Vaults:4: ontoclasm_vaults_twist, nicolae_vaults_murderbox, v_misc_19,
          v_misc_22, nicolae_vaults_three_branches, vaults_mumra_chevron_long,
          vaults_standard_mumra_lines, hangedman_vaults_river_flow,
          ontoclasm_vaults_loading_screen, ontoclasm_vaults_idyll,
          layout_vaults_omnibox, uniq_aizul
Vaults:5: serial_shops
Depths:1: layout_long_grid, rand_demon_pan_entry_7, grunt_metal_band,
          chequers_serial_rivers_micro_d, kennysheep_generic_room_15
Depths:2: box_level_dp, hell_entry, abyss_entry
Depths:3: cross_vault, layout_cave_pools, hell_entry,
          kennysheep_decorative_pillar, abyss_entry, grunt_pan_entry_spiral
Depths:4: minmay_dotted_concentric_squares, layout_gridlike,
          minmay_misc_feat_diagonals, abyss_entry_flame_altar, pan_entry,
          pf_coc_iceberg, uniq_mara, uniq_margery, uniq_mennas, uniq_xtahua
Depths:5: evilmike_zot_entry_gauntlet, layout_basic, enter_ziggurat_f,
          hellmouth_1, nicolae_abyss_entry_one_way_or_another,
          chequers_serial_rivers_room_b, minmay_misc_feat_x, pandoras_box_mu
Pan:      nicolae_pan_diamonds, layout_basic, evilmike_mini_pan_corridor,
          layout_grid_shapes, evilmike_mini_pan_3x3, layout_grid_shapes,
          evilmike_mini_pan_3x3, layout_pan_divisions_b
          [pan_division_quadrant_b2, pan_division_quadrant_b3,
          pan_division_quadrant_b3, pan_division_quadrant_b6],
          nicolae_pan_sigil_itan, gloorx_vloq_grunt, layout_onion_city,
          nicolae_pan_sigil_eeng, nicolae_pan_door_chamber, layout_onion_city,
          evilmike_mini_pan_T, layout_chambers, evilmike_mini_pan_branches,
          layout_pan_divisions_a [pan_division_quadrant_a5,
          pan_division_quadrant_a2, pan_division_quadrant_a1,
          pan_division_quadrant_a4, pan_division_octagon_empty],
          grunt_pan_spiral, layout_gridlike, nicolae_pan_hourglass,
          layout_onion_city, evilmike_mini_pan_pillars, layout_gridlike,
          mnoleg_grunt, layout_irregular_city, nicolae_pan_mnolegish_2,
          lom_lobon, layout_irregular_city, grunt_pan_in_and_out,
          layout_gridlike, cerebov_st, layout_long_grid,
          pan_blood_fountain_small

Skill      XL: |  1  2  3  4  5  6  7  8  9 10 11 12 13 14 15 16 17 18 19 20 21 22 23 24 25 26 27 |
---------------+----------------------------------------------------------------------------------+-----
Spellcasting   | 2 3 4 5 6 7 9 11 13 14 16 17 18 19 21 22 25 | 25.6
Earth Magic    | 3 4 5 6 7 8 10 12 14 16 17 18 20 21 22 23 | 23.6
Fighting       | 1 2 3 4 5 6 8 9 10 12 13 20 | 20.0
Shields        | 1 2 4 5 6 7 |  7.3
Dodging        | 5 13 15 | 15.8
Stealth        | 11 14 16 | 16.1
Translocations | 12 17 18 | 18.7
Armour         | 5 |  5.4
Conjurations   | 6 11 | 11.0
Necromancy     | 5 7 |  7.0
Transmutations | |  0.8

Action                   |  1- 3 |  4- 6 |  7- 9 | 10-12 | 13-15 | 16-18 | 19-21 | 22-24 | 25-27 || total
-------------------------+-------+-------+-------+-------+-------+-------+-------+-------+-------++-------
Melee: Unarmed           |   101 |    55 |    75 |       |       |       |       |       |       ||   231
       Flail             |       |       |   521 |   570 |    45 |       |       |       |       ||  1136
       Staff             |       |       |       |       |   214 |   106 |   141 |    62 |   254 ||   777
Throw: Stone             |       |       |       |       |     2 |     8 |     7 |     3 |     4 ||    24
 Cast: Sandblast         |    37 |    54 |    42 |    50 |   248 |   234 |   125 |    46 |    81 ||   917
       Stone Arrow       |       |     2 |    65 |    39 |   170 |    11 |     5 |     3 |    14 ||   309
       Lee's Rapid Decon |       |       |     7 |   110 |   251 |   237 |   171 |    72 |   152 ||  1000
       Petrify           |       |       |     1 |     8 |    11 |     2 |       |     5 |     1 ||    28
       Iron Shot         |       |       |       |       |     8 |   383 |   298 |   279 |  1449 ||  2417
       Shatter           |       |       |       |       |       |       |    21 |    43 |   103 ||   167
       Blink             |       |       |       |       |       |       |     2 |     3 |     4 ||     9
       Sublimation of Bl |       |       |       |       |       |       |       |       |   494 ||   494
       Controlled Blink  |       |       |       |       |       |       |       |       |    82 ||    82
       Regeneration      |       |       |       |       |       |       |       |       |    64 ||    64
       Leda's Liquefacti |       |       |       |       |       |       |       |       |     1 ||     1
       Lehudib's Crystal |       |       |       |       |       |       |       |       |    88 ||    88
       Malign Gateway    |       |       |       |       |       |       |       |       |     2 ||     2
Evoke: Wand              |       |       |    10 |    15 |    63 |    14 |     1 |    29 |     8 ||   140
       Lightning rod     |       |       |       |     7 |     6 |    20 |    18 |     8 |     6 ||    65
       Sack of spiders   |       |       |       |     2 |       |       |       |     1 |       ||     3
       Lamp of fire      |       |       |       |       |       |     1 |     5 |     3 |     5 ||    14
       Phantom mirror    |       |       |       |       |       |       |       |       |     5 ||     5
  Use: Scroll            |       |       |    20 |    15 |    14 |    18 |     4 |    10 |    38 ||   119
       Potion            |       |       |     5 |       |       |     2 |       |     6 |    24 ||    37
 Stab: Sleeping          |     4 |       |     3 |     3 |     3 |     1 |       |       |       ||    14
       Distracted        |       |       |     1 |     1 |     2 |       |       |       |     5 ||     9
       Confused          |       |       |       |     3 |       |       |       |       |       ||     3
       Paralysed         |       |       |       |       |    10 |       |       |       |       ||    10
  Eat: Chunk             |     5 |     3 |    21 |    20 |    29 |    16 |    10 |     5 |     6 ||   115
       Ration            |       |       |     1 |     6 |     7 |     8 |    10 |     4 |    27 ||    63
Armor: Robe              |    13 |    24 |   235 |       |    59 |       |       |       |       ||   331
       Leather armour    |       |       |    11 |   249 |    13 |       |       |       |       ||   273
       Troll leather arm |       |       |       |       |       |   150 |    92 |    60 |   307 ||   609
Dodge: Dodged            |    64 |    29 |   467 |   561 |   616 |   586 |   361 |   283 |  1146 ||  4113
Block: Buckler           |     1 |    20 |   262 |   240 |   198 |   197 |   175 |   120 |   433 ||  1646
       Rpst.: Staff      |       |       |       |       |   114 |       |       |       |       ||   114
